 Dungeon Crawl Stone Soup version 0.27-a0-1184-ge86db4a01e (webtiles) character file.

Game seed: 2288055695913392214

92 chippings the Magician (level 4, -1/31 HPs)
             Began as a Mummy Fire Elementalist on May 18, 2021.
             Slain by a scorpion (6 damage)
             ... on level 3 of the Dungeon.
             The game lasted 00:04:20 (2320 turns).

chippings the Magician (Mummy Fire Elementalist)    Turns: 2320, Time: 00:04:21

Health: -1/31      AC:  4    Str: 14    XL:     4   Next: 35%
Magic:  7/9        EV: 12    Int: 15    God:
Gold:   98         SH:  0    Dex: 12    Spells: 6/10 levels left

rFire    x . .     SeeInvis .   c - +0 long sword
rCold    + . .     Faith    .   (no shield)
rNeg     + + +     Spirit   .   a - +0 robe
rPois    ∞         Reflect  .   (no helmet)
rElec    .         Harm     .   (no cloak)
rCorr    .         Rampage  .   h - +1 pair of gloves {Str+3}
Will     .....                  (no boots)
Stlth    ++........             d - amulet of magic regeneration
HPRegen  0.10/turn              (no ring)
MPRegen  0.36/turn              (no ring)

@: no status effects
A: cold resistance 1, negative energy resistance 3, torment resistance 2, heat
vulnerability 1, no potions
a: no special abilities


You were on level 3 of the Dungeon.
You visited 1 branch of the dungeon, and saw 3 of its levels.

You collected 98 gold pieces.

Inventory:

Hand Weapons
 c - a +0 long sword (weapon)
Armour
 a - a +0 robe (worn)
 e - a +0 ring mail
 h - a +1 pair of gloves of strength (worn)
Jewellery
 d - an amulet of magic regeneration (around neck)
 g - an amulet of regeneration
 i - an amulet of faith
Scrolls
 b - 3 scrolls of identify {unknown}
 f - a scroll of vulnerability {unknown}


   Skills:
 + Level 0.7 Fighting
 + Level 0.7 Long Blades
 - Level 1.5 Dodging
 - Level 1.5 Stealth
 + Level 3.7 Spellcasting
 + Level 1.8 Conjurations
 + Level 0.4 Hexes
 + Level 3.0 Fire Magic


You had 6 spell levels left.
You knew the following spells:

 Your Spells              Type           Power      Damage    Failure   Level
a - Foxfire               Conj/Fire      40%        2x1d6     7%          1
b - Inner Flame           Hex/Fire       7%         N/A       28%         3

Your spell library contained the following spells:

 Spells                   Type           Power      Damage    Failure   Level
 Conjure Flame            Conj/Fire      10%        6-21      21%         3
 Sticky Flame             Conj/Fire      10%        2d3       56%         4
 Fireball                 Conj/Fire      5%         3d5       88%         5


Dungeon Overview and Level Annotations

Branches:
Dungeon (3/15)

Altars:

Annotations:
D:2 1 runed translucent door, Crazy Yiuf


Innate Abilities, Weirdness & Mutations

You are immune to poison.
Your flesh is cold resistant. (rC+)
You are immune to negative energy. (rN+++)
You are immune to unholy pain and torment.
You are vulnerable to heat. (rF-)
You do not drink.


Message History

The foxfire hits the endoplasm.
The endoplasm is almost dead.
You hit the endoplasm.
You kill the endoplasm!
A scorpion comes into view.
Found 22 poisoned darts.
You see here a scroll labelled EQUGAW MIBRI.
Casting: Foxfire (safe; 7% risk of failure)
Confirm with . or Enter, or press ? or * to list all spells.
You conjure some foxfire!
The scorpion stings you.
Casting: Foxfire (safe; 7% risk of failure)
Confirm with . or Enter, or press ? or * to list all spells.
You conjure some foxfire!
The foxfire hits the scorpion.
The scorpion is moderately wounded.
The scorpion closely misses you. The scorpion stings you!
* * * LOW HITPOINT WARNING * * *
Unknown command.
You closely miss the scorpion.
The scorpion is moderately wounded.
The foxfire hits the scorpion.
The scorpion is moderately wounded.
The foxfire hits the scorpion.
The scorpion is moderately wounded.
The foxfire hits the scorpion but does no damage.
The scorpion is moderately wounded.
The scorpion stings you.
* * * LOW HITPOINT WARNING * * *
Casting: Foxfire (safe; 7% risk of failure)
Confirm with . or Enter, or press ? or * to list all spells.
You conjure some foxfire!
The scorpion closely misses you. The scorpion completely misses you.
Unknown command.
Casting: Foxfire (safe; 7% risk of failure)
Confirm with . or Enter, or press ? or * to list all spells.
You conjure some foxfire!
The foxfire hits the scorpion.
The scorpion is severely wounded.
The foxfire hits the scorpion but does no damage.
The scorpion is severely wounded.
The scorpion stings you.
You die...

.. ........# #.##.##.#..#
#.#...#.#..#
#.......#..#######
######...)..........§.#####
#...^........#..## #......
.......#.v)v.....####..####
#.?.s@.........)..#
#.##.#.##...####.## .(.
#.#.##...# #§# #.#.
#.#.##..<# #§# .....
..$......# #.# .## '#
#......#.# #.##### . #.
#.#.####.# #...... #. #...#
#.# #.####. ##


You could see a scorpion (ally target).

Vanquished Creatures
  An iguana (D:3)
  An adder (D:2)
  A dart slug (D:1)
  An orc (D:3)
  2 endoplasms
  5 giant cockroaches
  7 goblins
  6 hobgoblins
  4 jackals (D:1)
  2 quokkas
  6 ball pythons
  5 bats
  A frilled lizard (D:1)
  4 kobolds
  4 rats
50 creatures vanquished.

Vanquished Creatures (others)
  110 foxfires
  A fungus (D:1)
111 creatures vanquished.

Grand Total: 161 creatures vanquished

Notes
Turn   | Place    | Note
-------+----------+-------------------------------------------
     0 | D:1      | chippings the Mummy Fire Elementalist began the quest for
                  | the Orb.
     0 | D:1      | Reached XP level 1. HP: 13/13 MP: 4/4
   289 | D:1      | Reached skill level 1 in Conjurations
   321 | D:1      | Reached XP level 2. HP: 19/19 MP: 3/6
   778 | D:1      | Reached XP level 3. HP: 24/24 MP: 5/7
   822 | D:1      | Found a faded altar of an unknown god.
  1028 | D:1      | Learned a level 3 spell: Inner Flame
  1254 | D:2      | Found a runed translucent door.
  1255 | D:2      | Noticed Crazy Yiuf
  2246 | D:3      | Reached XP level 4. HP: 14/31 MP: 5/9
  2311 | D:3      | Noticed a scorpion
  2320 | D:3      | Slain by a scorpion

Illustrated notes

Levels and vault maps discovered:
D:1:      dpeg_arrival_water_fire, layout_basic, basic_ecumenical_altar
D:2:      layout_basic, uniq_crazy_yiuf_cottage
D:3:      layout_loops_ring, lemuel_doored_altar, grunt_ministairs_7

Skill      XL: |  1  2  3 |
---------------+----------+-----
Conjurations   | 1 |  1.8
Spellcasting   | 3 |  3.7
Fire Magic     | 3 |  3.0
Fighting       | |  0.7
Long Blades    | |  0.7
Dodging        | |  1.5
Stealth        | |  1.5
Hexes          | |  0.4

Action                   |  1- 3 |  4- 6 || total
-------------------------+-------+-------++-------
Melee: Long sword        |    47 |     3 ||    50
       Unarmed           |     1 |       ||     1
 Cast: Foxfire           |    61 |     9 ||    70
 Stab: Sleeping          |     2 |       ||     2
Armor: Robe              |    14 |       ||    14
Dodge: Dodged            |    55 |     3 ||    58
       Rpst.: Long sword |    14 |       ||    14

Table legend: (Time is in decaauts)
 A = Elapsed time spent in this place.
 B = Non-inter-level travel time spent in this place.
 C = Inter-level travel time spent in this place.
 D = Time resting spent in this place.
 E = Time spent auto-exploring this place.
 F = Levels seen in this place.
 G = Mean time per level.
                   A        B        C        D        E       F      G
               +--------+--------+--------+--------+--------+-----+--------+
         Total |   2338 |   2284 |     54 |      0 |   1752 |   3 |  779.3 |
       Dungeon |   2338 |   2284 |     54 |      0 |   1752 |   3 |  779.3 |
               +--------+--------+--------+--------+--------+-----+--------+

Top non-repeatable levels by time:
     D:1: 1225 daAuts
     D:2: 966 daAuts
     D:3: 147 daAuts
